[Event "*** Titled Tuesday Blitz"]
[Site "Chess.com"]
[Date "2021.02.09"]
[Round "4"]
[White "dpopadic"]
[Black "frazier69"]
[Result "1/2-1/2"]
[WhiteElo "2335"]
[BlackElo "2509"]
[TimeControl "180+1"]
[EndTime "10:38:48 PST"]
[Termination "Game drawn by repetition"]

1. e4 c5 2. Nc3 Nc6 3. f4 g6 4. Nf3 Bg7 5. Bc4 e6 6. f5 Nge7 7. fxe6 fxe6 8. d3 O-O 9. O-O d5 10. Bb3 b5 11. Nxb5 c4 12. dxc4 Qb6+ 13.
Kh1 dxe4 14. Ng5 e3 15. Rxf8+ Bxf8 16. Qe2 Nf5 17. c5 Bxc5 18. Nxe6 Kh8 19. Nxc5 Qxc5 20. Nc7 Ncd4 21. Qc4 Qxc4 22. Bxc4 Nxc2 23. Rb1 Rb8 24. b3 Kg7 25. Bd3 Ncd4 26. Bxf5 Nxf5 27. g4 Bb7+ 28.
Kg1 Rc8 29. gxf5 Rxc7 30. Bxe3 Be4 31. Rc1 Rxc1+ 32. Bxc1 gxf5 33. b4 a6 34. a4 Bc6 35.
a5 Bb5 36. Kf2 Kf6 37. Kg3 Ke5 38. Kf3 Bc6+ 39. Kf2 Ke4 40. Bh6 f4 41. Bf8 f3 42.
Be7 Bb5 43. Bf8 Bc4 44. Be7 Bb5 45. Bf8 Bc4 46. Be7 Bb5 1/2-1/2

[Event "*** Titled Tuesday Blitz"]
[Site "Chess.com"]
[Date "2021.02.09"]
[Round "4"]
[White "Homino"]
[Black "2nd_life"]
[Result "1-0"]
[WhiteElo "2296"]
[BlackElo "2450"]
[TimeControl "180+1"]
[EndTime "10:38:48 PST"]
[Termination "Homino won on time"]

1. e4 e5 2. Nf3 Nc6 3. Bb5 a6 4.
Ba4 Nf6 5. O-O Be7 6. Re1 b5 7. Bb3 d6 8. c3 O-O 9. h3 Bb7 10.
d3 Re8 11. Nbd2 Bf8 12. Nf1 Na5 13. Bc2 c5 14. a4 Nc6 15. Ng3 g6 16. Bg5 h6 17.
Be3 Bg7 18. Qd2 Kh7 19. Nh2 Qe7 20. Ng4 Nxg4 21. hxg4 Qe6 22. f3 c4 23. d4 d5 24.
exd5 Qxd5 25. Be4 Qd7 26. d5 Na5 27. Rad1 Nb3 28. Qf2 Rad8 29. Nf5 gxf5 30. Bxf5+ Qxf5 31. gxf5 Rxd5 32. Qh4 Rd3 33. f6 Bf8 34. axb5 1-0

[Event "*** Titled Tuesday Blitz"]
[Site "Chess.com"]
[Date "2021.02.09"]
[Round "4"]
[White "FMalexhdez"]
[Black "Flopezin"]
[Result "1-0"]
[WhiteElo "2182"]
[BlackElo "2376"]
[TimeControl "180+1"]
[EndTime "10:38:49 PST"]
[Termination "FMalexhdez won by resignation"]

1. e4 e5 2. Nf3 Nc6 3. Bc4 Nf6 4. d3 Bc5 5. c3 d6 6. Nbd2 Be6 7. O-O O-O 8. h3 a5 9. Bb5 Qb8 10. Re1 Qa7 11.
Qe2 Ne7 12. Ba4 Ng6 13. Nf1 Nh5 14. d4 exd4 15. cxd4 Bb4 16. Rd1 Nhf4 17. Bxf4 Nxf4 18. Qe3 Nxh3+ 19. gxh3 d5 20. exd5 Bxd5 21. Bc2 Rae8 22. Qf4 Qb6 23. Ne3 Qc6 24. Nxd5 Qxd5 25. Qf5 Qxf5 26. Bxf5 Re2 27. a3 Bd6 28. Rd2 Re7 29. Re1 Rfe8 30. Rxe7 Rxe7 31. Kf1 g6 32. Bd3 b6 33.
Re2 Rd7 34. Bb5 c6 35. Bxc6 Rc7 36. d5 Kg7 37. Nd4 Kf6 38. Nb5 1-0

[Event "*** Titled Tuesday Blitz"]
[Site "Chess.com"]
[Date "2021.02.09"]
[Round "4"]
[White "Mr_Sinigami"]
[Black "VALPARAISO37"]
[Result "1-0"]
[WhiteElo "2648"]
[BlackElo "2475"]
[TimeControl "180+1"]
[EndTime "10:38:51 PST"]
[Termination "Mr_Sinigami won by resignation"]

1. d4 Nf6 2. Nf3 d5 3. Bf4 c5 4.
e3 Nc6 5. c3 Qb6 6. Qb3 c4 7. Qc2 Bf5 8. Qc1 Nh5 9. Be5 f6 10. Bg3 e5 11. Be2 Nxg3 12. hxg3 g5 13. dxe5 Nxe5 14. Nxe5 fxe5 15. e4 Bxe4 16. Qxg5 Bd6 17.
Nd2 Qxb2 18. O-O Bg6 19. Bh5 Kd7 20. Bxg6 hxg6 21. Rab1 Qxc3 22. Rxb7+ Kc6 23. Rg7 Rh5 24. Qg4 Qxd2 25. Qd7+ Kc5 26. Rxg6 Rah8 27. Qxa7+ Kb4 28. Rb1+ Kc3 29. Qa5+ Kd3 30. Qxd5+ Kc2 31. Rb2+ Kxb2 32. Qxd2+ Kb1 33. Kf1 Rh1+ 34. Ke2 Rc1 35. Rxd6 Rb8 36. Kf3 Rb2 37. Qe3 Rcc2 38. Rd1+ Kxa2 39. Qa7+ Kb3 40. Ra1 Rxf2+ 41. Qxf2 Rxf2+ 42. Kxf2 c3 43. Ke3 Kb2 44. Rh1 c2 45. g4 c1=N 46. Rxc1 Kb3 47. g5 e4 48. g6 1-0

[Event "*** Titled Tuesday Blitz"]
[Site "Chess.com"]
[Date "2021.02.09"]
[Round "4"]
[White "Michaelson_11"]
[Black "ZivkovicN"]
[Result "0-1"]
[WhiteElo "2274"]
[BlackElo "2461"]
[TimeControl "180+1"]
[EndTime "10:38:51 PST"]
[Termination "ZivkovicN won on time"]

1. e4 d6 2. d4 Nf6 3. Nc3 e5 4. Nf3 Nbd7 5. Bc4 Be7 6. O-O O-O 7. Re1 c6 8. a4 b6 9. h3 a6 10. Be3 Bb7 11. d5 c5 12. Qe2 Re8 13. Nh2 g6 14. g4 Bf8 15. Bg5 h6 16. Bh4 Qc7 17. Ra3 Nh7 18. Nd1 Bg7 19. Bg3 Bc8 20. Ne3 Ng5 21. Ng2 Nxh3+ 22. Kh1 Ng5 23. Re3 Qd8 24. f3 Nh7 25. Kg1 Bf6 26. Kf2 Bg5 27. Rb3 Nhf6 28. Rh1 h5 29. gxh5 Nxh5 30. Nf1 Nxg3 31. Nxg3 Nf6 32. Qf1 Kg7 33. Qg1 Rh8 34. Rxh8 Kxh8 35. Qh1+ Kg7 36. Qh2 Bd7 37. Ne2 b5 38. axb5 a5 39. b6 a4 40. Ra3 Rb8 41. b3 Rxb6 42. bxa4 Rb4 0-1

[Event "*** Titled Tuesday Blitz"]
[Site "Chess.com"]
[Date "2021.02.09"]
[Round "4"]
[White "Khnykin_Nikolay"]
[Black "Rogarcia1"]
[Result "0-1"]
[WhiteElo "2057"]
[BlackElo "2282"]
[TimeControl "180+1"]
[EndTime "10:38:52 PST"]
[Termination "Rogarcia1 won on time"]

1. d4 d5 2. Nc3 Nf6 3. Bf4 c5 4. e3 e6 5. Nf3 Bd6 6. Bxd6 Qxd6 7. Nb5 Qe7 8. Nc3 O-O 9. Be2 Nc6 10. O-O Rd8 11. Na4 b6 12. Bb5 Bb7 13. Qe2 Ne4 14. Bd3 f5 15. Bxe4 fxe4 16. Nd2 cxd4 17. exd4 Nxd4 18. Qd1 Rac8 19. c3 Nf5 20. b3 b5 21.
Nb2 Rxc3 22. Rc1 d4 23. Nb1 Rxc1 24. Qxc1 e3 25. fxe3 Qg5 26. Rf2 dxe3 27. Re2 Nd4 28. Qf1 Nxe2+ 29. Qxe2 Be4 30. Nc3 Rd2 0-1

[Event "*** Titled Tuesday Blitz"]
[Site "Chess.com"]
[Date "2021.02.09"]
[Round "4"]
[White "publicaccountcze"]
[Black "onetowin"]
[Result "0-1"]
[WhiteElo "2250"]
[BlackElo "2015"]
[TimeControl "180+1"]
[EndTime "10:38:53 PST"]
[Termination "onetowin won on time"]

1. d4 b6 2. c4 Bb7 3. Nc3 e6 4. e4 Bb4 5. Qc2 f5 6. exf5 Nf6 7. fxe6 O-O 8. Ne2 Ne4 9. Bd2 Nxf2 10. Rg1 Qh4 11.
g3 Qxh2 12. Rg2 Bxg2 13. Bxg2 Qxg2 14. Bf4 Qf3 15. a3 Nd3+ 16. Kd2 Bxc3+ 17. Qxc3 Qe4 18.
Qxd3 Qxd3+ 19. Kxd3 dxe6 20. Bxc7 Nc6 21. Bf4 Rad8 22. Ke4 h6 23. b4 g5 24. Be3 Ne7 25. c5 Nf5 26. Rh1 bxc5 27. dxc5 Kh7 28. Bxg5 Rd5 29. Bf4 Rfd8 0-1

[Event "*** Titled Tuesday Blitz"]
[Site "Chess.com"]
[Date "2021.02.09"]
[Round "4"]
[White "GMBenjaminBok"]
[Black "MVM2008"]
[Result "1-0"]
[WhiteElo "2991"]
[BlackElo "2127"]
[TimeControl "180+1"]
[EndTime "10:38:55 PST"]
[Termination "GMBenjaminBok won by resignation"]

1. d4 Nf6 2. c4 e6 3. Nc3 Bb4 4. Qc2 Nc6 5. Nf3 d5 6. a3 Bxc3+ 7. Qxc3 dxc4 8. Qxc4 Qd5 9. Qxd5 exd5 10. Bf4 Bf5 11. e3 Na5 12. Rc1 c6 13. Nd2 Ne4 14. Nxe4 Bxe4 15.
f3 Bf5 16. b4 Nb3 17. Rc3 Na1 18. Bd3 Bxd3 19. Rxd3 a5 20. Kd2 axb4 21. Rxa1 bxa3 22. Rdxa3 Rxa3 23. Rxa3 Kd7 24. Ra7 Ke6 25. Rxb7 Rc8 26. Rc7 Rxc7 27. Bxc7 Kd7 28. Bf4 Ke6 29. Kc3 f6 30.
Kb4 g5 31. Bg3 h5 32. Kc5 h4 33. Bf2 Kd7 34. h3 f5 35. Be1 Kc7 36. Bc3 Kd7 37.
Ba5 Ke6 38. Kxc6 g4 39. fxg4 fxg4 40. hxg4 Kf6 41. Bd8+ 1-0

[Event "*** Titled Tuesday Blitz"]
[Site "Chess.com"]
[Date "2021.02.09"]
[Round "4"]
[White "Tenamu"]
[Black "enriquebutti"]
[Result "1-0"]
[WhiteElo "2404"]
[BlackElo "2174"]
[TimeControl "180+1"]
[EndTime "10:38:55 PST"]
[Termination "Tenamu won by resignation"]

1. e4 c5 2. Nf3 d6 3. d4 cxd4 4.
Nxd4 Nf6 5. Nc3 a6 6. h3 e6 7. g4 h6 8. Bg2 g5 9. Be3 Nbd7 10. Qe2 Ne5 11. O-O-O Bd7 12. Nf3 Rc8 13. Nxe5 dxe5 14. h4 Rxc3 15. bxc3 gxh4 16. Rxh4 Nxe4 17. Bxe4 Qxh4 18.
Qd3 Qd8 19. c4 Qc8 20. c5 Be7 21. c4 Bc6 22. Bg6 Bg5 23. Bxg5 hxg5 24. Bh5 O-O 25. Qd6 e4 26. Qe7 f6 27. Bg6 1-0

[Event "*** Titled Tuesday Blitz"]
[Site "Chess.com"]
[Date "2021.02.09"]
[Round "4"]
[White "rasmussvane"]
[Black "Kiborg95"]
[Result "1-0"]
[WhiteElo "2890"]
[BlackElo "2713"]
[TimeControl "180+1"]
[EndTime "10:38:56 PST"]
[Termination "rasmussvane won by resignation"]

1. Nf3 d6 2. d4 g6 3. e4 Bg7 4.
Bd3 Nc6 5. d5 Nb4 6. Be2 c6 7.
c3 Na6 8. Bxa6 bxa6 9. dxc6 Qc7 10. Qa4 Nf6 11. O-O O-O 12. h3 a5 13. Bf4 e5 14.
Bg5 Ba6 15. Re1 Rab8 16. b3 Bb5 17. Qa3 Bxc6 18. Bxf6 Bxf6 19. c4 Be7 20. Qc1 f5 21. Nc3 fxe4 22. Nxe4 Rxf3 23. gxf3 Rf8 24. Kg2 Qc8 25.
Qe3 Qf5 26. Rad1 Qh5 27. Rd3 Rf4 28. Qxa7 Bxe4 29. Rxe4 Qg5+ 30. Kf1 Rxe4 31. fxe4 Qc1+ 32. Kg2 Qg5+ 33. Rg3 1-0

[Event "*** Titled Tuesday Blitz"]
[Site "Chess.com"]
[Date "2021.02.09"]
[Round "4"]
[White "BrandonJacobson"]
[Black "Alindsay211"]
[Result "0-1"]
[WhiteElo "2985"]
[BlackElo "2419"]
[TimeControl "180+1"]
[EndTime "10:38:56 PST"]
[Termination "Alindsay211 won by resignation"]

1. d4 e6 2. c4 d5 3. Nf3 Nf6 4. g3 Be7 5. Bg2 O-O 6. O-O a5 7. Qc2 b6 8. Nc3 Bb7 9. cxd5 exd5 10. Rd1 Nbd7 11. Ne5 c5 12. Bg5 cxd4 13. Nxd7 Qxd7 14. Rxd4 Rac8 15. Qd2 Qe6 16. Rd1 h6 17. Be3 Ne4 18. Nxe4 dxe4 19. b3 f5 20. Rd7 Bc6 21. Ra7 Rfd8 22.
Qe1 Bb4 23. Rxd8+ Rxd8 24. Qa1 Be7 25. Bxb6 Rd2 26. Bxa5 Bf6 27. Qc1 Rxa2 28. b4 Ra1 29. Qxa1 Bxa1 30. e3 Qd6 31. Bf1 Qd1 32. Kg2 Qf3+ 33.
Kg1 Be8 34. b5 Qd1 35. Kg2 Bh5 36. Bc4+ Kh8 37. Ra8+ Kh7 38. Bg8+ Kg6 39. Ra6+ Bf6 40.
Bc4 Bf3+ 41. Kh3 Qg1 0-1

[Event "*** Titled Tuesday Blitz"]
[Site "Chess.com"]
[Date "2021.02.09"]
[Round "4"]
[White "theultimatehunter"]
[Black "TST2014"]
[Result "0-1"]
[WhiteElo "2236"]
[BlackElo "2564"]
[TimeControl "180+1"]
[EndTime "10:38:56 PST"]
[Termination "TST2014 won by resignation"]

1. d4 Nf6 2. c4 c5 3. d5 b5 4. cxb5 a6 5. b6 d6 6. Nc3 Nbd7 7. g3 g6 8. Bg2 Bg7 9. Nf3 O-O 10. O-O Nxb6 11.
e4 a5 12. Re1 a4 13. Rb1 Ng4 14. Qc2 Ba6 15. Bf4 Nc4 16. Nxa4 Qa5 17. b3 Na3 18.
Qc1 Nxb1 19. Qxb1 Bb5 20. h3 Nf6 21. Bd2 Qa6 22. Nc3 Bd3 23. Qc1 Nd7 24. Bh6 Rfb8 25. Bxg7 Kxg7 26. h4 f6 27. h5 Qa5 28. Re3 c4 29.
Nh4 Ne5 30. Bh3 cxb3 31. f4 b2 32. Qe1 b1=Q 0-1

[Event "*** Titled Tuesday Blitz"]
[Site "Chess.com"]
[Date "2021.02.09"]
[Round "4"]
[White "Mihnea2017"]
[Black "IngOscarArdila"]
[Result "1-0"]
[WhiteElo "2401"]
[BlackElo "2158"]
[TimeControl "180+1"]
[EndTime "10:38:56 PST"]
[Termination "Mihnea2017 won by resignation"]

1. e4 e5 2. Nf3 Nc6 3. Bc4 Be7 4.
O-O Nf6 5. d3 O-O 6. Re1 d6 7.
a4 Bg4 8. Nbd2 Nd4 9. c3 Nxf3+ 10. Nxf3 c6 11. d4 Qc7 12. Bg5 Rad8 13. Qe2 h6 14.
Bh4 Nh5 15. Bxe7 Qxe7 16. g3 Qf6 17. Kg2 Rfe8 18. h3 Bxf3+ 19. Qxf3 Qxf3+ 20. Kxf3 g6 21. dxe5 dxe5 22. Ke3 Kg7 23. a5 a6 24. Ra4 Nf6 25. Rb4 Re7 26. Be2 h5 27. h4 Red7 28. Ra1 Kf8 29. Ra3 Ke7 30. Rab3 Kd6 31. Rxb7 Kc5 32. Rxd7 Rxd7 33. Rb6 Rc7 34. b4+ Kd6 35. Bxa6 Nd7 36.
Rb7 c5 37. Rxc7 Kxc7 38. Bc4 cxb4 39. cxb4 f6 40. Bf7 Nf8 41. Kd3 Kc6 42. Kc4 Kb7 1-0

[Event "*** Titled Tuesday Blitz"]
[Site "Chess.com"]
[Date "2021.02.09"]
[Round "4"]
[White "igorcadilhac"]
[Black "SirStrateg"]
[Result "0-1"]
[WhiteElo "2300"]
[BlackElo "2582"]
[TimeControl "180+1"]
[EndTime "10:38:57 PST"]
[Termination "SirStrateg won by resignation"]

1. e4 d6 2. d4 Nf6 3. Nc3 c6 4. f4 Qa5 5. Bd3 e5 6. Nf3 exd4 7. Nxd4 g6 8. Nb3 Qc7 9. Be3 Bg7 10. Qd2 O-O 11. O-O-O Re8 12. h3 Nbd7 13. g4 b5 14. g5 b4 15. gxf6 bxc3 16. Qxc3 Nxf6 17. Bd4 Nh5 18.
Bxg7 Nxg7 19. f5 c5 20. Bc4 Rxe4 21. fxg6 hxg6 22. Bd5 Bb7 23. Bxe4 Bxe4 24. Rhe1 Bf5 25. Nd4 Bd7 26. Re7 Qd8 27. Re4 cxd4 28. Rexd4 Nf5 29.
R4d2 Rc8 30. Qa3 Be6 31. Kb1 Qb6 32. h4 Nxh4 33. Rxd6 Qf2 34. Rd8+ Rxd8 35. Rxd8+ Kh7 36. b3 Qf1+ 37. Kb2 Qf6+ 0-1

[Event "*** Titled Tuesday Blitz"]
[Site "Chess.com"]
[Date "2021.02.09"]
[Round "4"]
[White "Grandmaster2B"]
[Black "Sergienko_Sergey"]
[Result "0-1"]
[WhiteElo "2523"]
[BlackElo "2386"]
[TimeControl "180+1"]
[EndTime "10:38:58 PST"]
[Termination "Sergienko_Sergey won by resignation"]

1. e4 c5 2. Nf3 a6 3. c4 e6 4. Nc3 d6 5. d4 cxd4 6. Nxd4 Nf6 7. Be2 Be7 8. O-O O-O 9. Be3 b6 10. Rc1 Bb7 11. Qc2 Qc7 12. b3 Nbd7 13. f4 Rac8 14. Bf3 Qb8 15. g4 Nc5 16. g5 Ne8 17. h4 b5 18. cxb5 axb5 19. Ndxb5 Ba6 20.
a4 Nc7 21. Be2 Nxb5 22. axb5 Bb7 23. Qb1 Qa8 24. Bxc5 Rxc5 25. Bc4 d5 26. exd5 exd5 27. Bd3 g6 28. b4 Rcc8 29. Ne2 Qa7+ 30. Kh2 Qe3 31. Ng3 Rxc1 32. Rxc1 Qxf4 33. Kh3 Bd6 34. Rg1 Bc8+ 35. Nf5 Bxf5+ 36. Bxf5 Qf3+ 0-1

[Event "*** Titled Tuesday Blitz"]
[Site "Chess.com"]
[Date "2021.02.09"]
[Round "4"]
[White "biostatistician"]
[Black "serhanberat_ozdemir"]
[Result "0-1"]
[WhiteElo "2609"]
[BlackElo "2482"]
[TimeControl "180+1"]
[EndTime "10:39:01 PST"]
[Termination "serhanberat_ozdemir won on time"]

1. d4 Nf6 2. Nf3 g6 3. c4 Bg7 4.
Nc3 O-O 5. e4 d6 6. Be2 Bg4 7.
Be3 Nfd7 8. Ng1 Bxe2 9. Ngxe2 c5 10. d5 Na6 11. O-O Nc7 12. Qd2 a6 13. a4 Rb8 14. b3 b5 15. axb5 axb5 16. Ra7 bxc4 17. bxc4 Rb4 18. Qa2 Qb8 19. Qa5 Rc8 20. Nb5 Nxb5 21.
Rxd7 Nd4 22. Ng3 Bf6 23. Qa6 Rd8 24. Ra7 Qc8 25. Qxc8 Rxc8 26. Rc1 h5 27. Kf1 Rcb8 28. Ne2 Nb3 29. Rd1 Rxc4 30. f4 Rxe4 31. Kf2 Nd4 32.
Bxd4 Bxd4+ 33. Nxd4 Rxd4 34. Rxd4 cxd4 35. Rxe7 Rb5 36.
Kf3 Rxd5 37. Ke4 d3 38. Re5 Rxe5+ 0-1

[Event "*** Titled Tuesday Blitz"]
[Site "Chess.com"]
[Date "2021.02.09"]
[Round "4"]
[White "GP9isback23"]
[Black "Twitch_ElhamBlitz05"]
[Result "1-0"]
[WhiteElo "2539"]
[BlackElo "2733"]
[TimeControl "180+1"]
[EndTime "10:39:02 PST"]
[Termination "GP9isback23 won by resignation"]

1. d4 Nf6 2. Nf3 e6 3. c4 c5 4. e3 cxd4 5. exd4 b6 6. Be2 Bb7 7. O-O d5 8. Nc3 Nbd7 9. Re1 Be7 10. Bg5 O-O 11. Ne5 h6 12. Nxd7 Qxd7 13. Bxf6 Bxf6 14. cxd5 exd5 15. Bf3 Rfe8 16. Qd2 Rac8 17. Rad1 Rc4 18. Rxe8+ Qxe8 19. Qe3 Qe6 20. h3 Bg5 21. Qd3 Bf6 22.
Qe3 Bg5 23. Qd3 Rc8 24. Bg4 Qe8 25. Bxc8 Qxc8 26. Re1 Bf6 27. Qb5 Bc6 28. Qd3 Qd7 29.
Qe3 a5 30. Ne2 Qd6 31. a3 Qd8 32. Nf4 g6 33. Nxg6 Kg7 34. Ne5 Ba4 35. Qg3+ Kf8 36. Qf4 Kg7 37. Re3 Bg5 38. Qxf7+ 1-0

[Event "*** Titled Tuesday Blitz"]
[Site "Chess.com"]
[Date "2021.02.09"]
[Round "4"]
[White "Szparu"]
[Black "skoularikii"]
[Result "0-1"]
[WhiteElo "2675"]
[BlackElo "2508"]
[TimeControl "180+1"]
[EndTime "10:39:02 PST"]
[Termination "skoularikii won by resignation"]

1. e4 e5 2. Nf3 Nc6 3. Bb5 a6 4. Ba4 Nf6 5. O-O b5 6. Bb3 Bc5 7. c3 d6 8. d4 Bb6 9. a4 Rb8 10. a5 Ba7 11. Be3 exd4 12. cxd4 O-O 13. Nbd2 Bg4 14.
h3 Bh5 15. Qc2 Nb4 16. Qc3 c5 17. dxc5 dxc5 18. Bg5 Bxf3 19. Qxf3 Qd3 20. Bxf6 Qxf3 21. Nxf3 gxf6 22. Bd5 Rbd8 23. Rfd1 Rd7 24. Nh4 Rfd8 25. Nf5 Kf8 26. Bb3 c4 27. Rxd7 Rxd7 28. Rd1 Rd3 29. Rxd3 Nxd3 30. Bc2 Nxb2 31. Nd6 b4 32. Nc8 Bc5 33. Nb6 b3 34. Bb1 c3 0-1

[Event "*** Titled Tuesday Blitz"]
[Site "Chess.com"]
[Date "2021.02.09"]
[Round "4"]
[White "LimeInTheCoconut"]
[Black "KyronGriffith"]
[Result "0-1"]
[WhiteElo "2302"]
[BlackElo "2510"]
[TimeControl "180+1"]
[EndTime "10:39:04 PST"]
[Termination "KyronGriffith won on time"]

1. d4 Nf6 2. c4 g6 3. f3 Bg7 4. e4 d6 5. Bg5 O-O 6. Qd2 c5 7.
d5 e6 8. Ne2 exd5 9. cxd5 b5 10. a4 b4 11. Ng3 Nbd7 12. Be2 a5 13. O-O Qb6 14. Kh1 Ba6 15. Bh6 Bxe2 16. Nxe2 Rfe8 17.
Bxg7 Kxg7 18. b3 Rac8 19. Rc1 c4 20. bxc4 Ne5 21. Qd4 Rc5 22. Nd2 Qc7 23. Nb3 Rxc4 24.
Nxa5 Qxa5 25. Rxc4 Nxc4 26. Qxc4 Rb8 27. Nd4 b3 28.
Nxb3 Qb6 29. Nd2 Qb2 30. Qc1 Qd4 31. Nf1 Nh5 32. a5 Rb2 33. a6 Qf2 0-1

[Event "*** Titled Tuesday Blitz"]
[Site "Chess.com"]
[Date "2021.02.09"]
[Round "4"]
[White "Andrakhanova"]
[Black "federicosellitti"]
[Result "0-1"]
[WhiteElo "2253"]
[BlackElo "2445"]
[TimeControl "180+1"]
[EndTime "10:39:04 PST"]
[Termination "federicosellitti won by resignation"]

1. c4 c5 2. Nc3 Nc6 3. g3 g6 4. Bg2 Bg7 5. Nf3 Nf6 6. O-O O-O 7. d4 cxd4 8. Nxd4 d6 9. Nxc6 bxc6 10. Bxc6 Bh3 11. Bg2 Bxg2 12. Kxg2 Qc7 13. Qd3 Rfc8 14. b3 d5 15. cxd5 Qxc3 16. Qxc3 Rxc3 17. Ba3 Nxd5 18. e4 Nb6 19. Bxe7 Rc7 20. Bd6 Rd7 21. e5 Rxd6 22. exd6 Bxa1 23. Rxa1 Rd8 24. Rc1 Rxd6 25. Rc7 Rd7 26.
Rc6 Kg7 27. h4 Nd5 28. Ra6 h5 29. a4 Rb7 30. Ra5 Nb4 31. f3 Nc6 32. Ra6 Ne5 33.
f4 Nd3 34. Rd6 Rxb3 35. Rd7 a6 36. f5 gxf5 37. Rd5 Kg6 38. Rd6+ f6 39. Rxa6 Ra3 40.
a5 f4 41. gxf4 Nxf4+ 42. Kf2 Kf5 43. Ra8 Kg4 44. a6 Kxh4 45. a7 f5 46. Kf1 Ra2 47. Ke1 Nh3 48. Kf1 f4 49. Ke1 f3 50. Rf8 f2+ 51. Kf1 Rxa7 52. Kg2 Ra1 53. Rf3 f1=Q+ 54. Rxf1 Rxf1 55. Kxf1 Kg3 0-1

[Event "*** Titled Tuesday Blitz"]
[Site "Chess.com"]
[Date "2021.02.09"]
[Round "4"]
[White "Rytenko_V"]
[Black "MasterMK73"]
[Result "1-0"]
[WhiteElo "2439"]
[BlackElo "2236"]
[TimeControl "180+1"]
[EndTime "10:39:04 PST"]
[Termination "Rytenko_V won by resignation"]

1. d4 d5 2. Nf3 e6 3. Bg5 Be7 4. Bxe7 Qxe7 5. Nbd2 Nd7 6. e3 Ngf6 7. c4 c6 8. Bd3 O-O 9. O-O e5 10. dxe5 Nxe5 11. Be2 dxc4 12. Nxc4 Nxc4 13. Bxc4 Bg4 14. h3 Bh5 15. Be2 Ne4 16. Nd4 Bxe2 17. Qxe2 c5 18. Nf3 Qf6 19. Rac1 b6 20. Qc4 Rfe8 21.
Rcd1 Rad8 22. b3 h6 23. Rd3 Rxd3 24. Qxd3 Re6 25. Rd1 Rd6 26. Qc2 Rxd1+ 27. Qxd1 Qb2 28. Qd8+ Kh7 29. Qd5 Qxf2+ 30. Kh2 Qg3+ 31. Kg1 Qf2+ 32. Kh2 Ng3 33. Qxf7 Nf1+ 34. Kh1 Nxe3 35. Ng5+ hxg5 36.
Qxf2 Nd1 37. Qc2+ 1-0

[Event "*** Titled Tuesday Blitz"]
[Site "Chess.com"]
[Date "2021.02.09"]
[Round "4"]
[White "hypert"]
[Black "Ladislav1969"]
[Result "1-0"]
[WhiteElo "2516"]
[BlackElo "2318"]
[TimeControl "180+1"]
[EndTime "10:39:05 PST"]
[Termination "hypert won on time"]

1. Nf3 Nf6 2. d4 g6 3. e3 Bg7 4. c3 d5 5. Nbd2 b6 6. Bd3 c5 7. O-O O-O 8. e4 dxe4 9. Nxe4 Bb7 10. Qe2 Nxe4 11. Bxe4 Bxe4 12. Qxe4 Nd7 13. Rd1 cxd4 14. Nxd4 Nc5 15. Qf3 Qc7 16. Bg5 h6 17. Bh4 Rad8 18.
Nc6 Rxd1+ 19. Rxd1 g5 20. Bg3 Qb7 21. b4 Ne6 22. a4 b5 23. axb5 Qxb5 24. Nxe7+ Kh8 25.
Nf5 Nf4 26. Nxg7 Ne2+ 27. Kh1 Nxg3+ 28. Qxg3 Kxg7 29. h4 Rc8 30. Rc1 Rc4 31. hxg5 hxg5 32.
Kg1 f6 33. Ra1 Qb6 34. Qd3 Rf4 35. Qe3 1-0

[Event "*** Titled Tuesday Blitz"]
[Site "Chess.com"]
[Date "2021.02.09"]
[Round "4"]
[White "CakeinSpace2002"]
[Black "siciliannaga"]
[Result "0-1"]
[WhiteElo "2351"]
[BlackElo "2790"]
[TimeControl "180+1"]
[EndTime "10:39:05 PST"]
[Termination "siciliannaga won by resignation"]

1. d4 Nf6 2. c4 g6 3. Nc3 d5 4. cxd5 Nxd5 5. e4 Nxc3 6. bxc3 Bg7 7. Qa4+ c6 8. Nf3 O-O 9. Qa3 Nd7 10. Bg5 Re8 11. Be2 h6 12. Bh4 g5 13. Bg3 e5 14. O-O exd4 15. Nxd4 Rxe4 16. Bd3 Re8 17. Nf5 Bf8 18. Bd6 Qf6 19. Rfe1 Ne5 20. Bxf8 Bxf5 21. Bxf5 Qxf5 22. Bd6 Nc4 23. Qb4 b5 24. Bg3 a5 25.
Qb3 a4 26. Qd1 Rxe1+ 27. Qxe1 Rd8 28. Qe7 Rd7 29. Qe8+ Kg7 30. Re1 Qd5 31. h4 Rd8 32. Qe7 Rd7 33. Qe8 c5 34. hxg5 hxg5 35. Qb8 Qd2 36. Qe8 Qxc3 37. Kh2 Qd3 38. Be5+ Nxe5 39. Rxe5 Qh7+ 40. Kg1 Rd1+ 41. Re1 Rxe1+ 42. Qxe1 Qf5 43. g3 b4 44. Kg2 a3 45. f3 Qd5 46. g4 Qxa2+ 47. Kg3 Qb2 48. Qe7 Qf6 49. Qxc5 a2 0-1

[Event "*** Titled Tuesday Blitz"]
[Site "Chess.com"]
[Date "2021.02.09"]
[Round "4"]
[White "reniite"]
[Black "Kurkusha"]
[Result "0-1"]
[WhiteElo "2007"]
[BlackElo "2358"]
[TimeControl "180+1"]
[EndTime "10:39:06 PST"]
[Termination "Kurkusha won by checkmate"]

1. e4 e5 2. Nf3 Nc6 3. Nc3 Nf6 4. Bb5 Bd6 5. d3 a6 6. Ba4 b5 7. Bb3 Na5 8. O-O O-O 9. Bg5 Nxb3 10. axb3 h6 11. Bh4 Bb7 12. Re1 Re8 13. d4 b4 14.
dxe5 Bxe5 15. Nd5 Bxb2 16. Nxf6+ Bxf6 17. Bxf6 Qxf6 18. Qxd7 Rxe4 19. Rxe4 Bxe4 20. Rf1 Bxf3 21. gxf3 Qxf3 22. Qxc7 Re8 23. Qg3 Qe2 24. Ra1 Qxc2 25.
Rxa6 Re1+ 26. Kg2 Qe4+ 27. Kh3 Qf5+ 28. Qg4 Qxf2 29. Qc8+ Kh7 30. Qc6 Re3+ 31. Kg4 f5+ 32. Kh5 Rh3# 0-1

[Event "*** Titled Tuesday Blitz"]
[Site "Chess.com"]
[Date "2021.02.09"]
[Round "4"]
[White "krasavetc"]
[Black "DenLaz"]
[Result "0-1"]
[WhiteElo "2352"]
[BlackElo "2794"]
[TimeControl "180+1"]
[EndTime "10:39:08 PST"]
[Termination "DenLaz won on time"]

1. e4 e5 2. f4 exf4 3. Bc4 Qh4+ 4. Kf1 d6 5. Nf3 Qh5 6. d4 g5 7. h4 h6 8. Be2 g4 9. Nh2 Qxh4 10. Kg1 f3 11.
Nxf3 Qe7 12. Nh2 Nf6 13. Nc3 Rg8 14. Bf4 Nc6 15. g3 Bd7 16. Nf1 O-O-O 17. Bd3 Nxd4 18. Ne3 Nf3+ 19. Kg2 Bc6 20. Nf5 Qd7 21. a4 h5 22.
Bb5 Nxe4 23. Nxe4 Qxf5 24. Bxc6 bxc6 25. Nf2 h4 26. Qe2 h3+ 27. Nxh3 Nh4+ 28. gxh4 gxh3+ 29.
Kf3 Qg4+ 0-1

[Event "*** Titled Tuesday Blitz"]
[Site "Chess.com"]
[Date "2021.02.09"]
[Round "4"]
[White "GM_Huschenbeth"]
[Black "exoticprincess"]
[Result "1/2-1/2"]
[WhiteElo "2599"]
[BlackElo "2844"]
[TimeControl "180+1"]
[EndTime "10:39:09 PST"]
[Termination "Game drawn by repetition"]

1. e4 c6 2. d4 d5 3. Nc3 dxe4 4. Nxe4 Bf5 5. Ng3 Bg6 6. h4 h6 7. Nf3 Nd7 8. h5 Bh7 9. Bd3 Bxd3 10. Qxd3 e6 11. Bd2 Ngf6 12. O-O-O Qb6 13. Kb1 Rd8 14. Qe2 Ba3 15. Bc1 O-O 16. Ne4 Nxe4 17. Qxe4 Nf6 18. Qe2 Nd5 19. Rd3 Nf4 20. Qe4 Nxd3 21. Qxd3 Be7 22.
g4 c5 23. g5 hxg5 24. Bxg5 Qc7 25. Rg1 Kh8 26. Ne5 Qxe5 27. dxe5 Rxd3 28. cxd3 Bxg5 29.
Rxg5 Kh7 30. Rg4 Kh6 31. Kc2 Rd8 32. Kc3 b6 33. a3 Rd5 34. Rf4 Rd7 35. Rg4 Rd5 36.
Rf4 Rd7 37. Rg4 Rd5 1/2-1/2

[Event "*** Titled Tuesday Blitz"]
[Site "Chess.com"]
[Date "2021.02.09"]
[Round "4"]
[White "maximnovik"]
[Black "malakismayil"]
[Result "1-0"]
[WhiteElo "2592"]
[BlackElo "2363"]
[TimeControl "180+1"]
[EndTime "10:39:09 PST"]
[Termination "maximnovik won by checkmate"]

1. Nf3 Nf6 2. g3 e6 3. Bg2 d5 4.
O-O Be7 5. d3 O-O 6. Nbd2 c5 7.
e4 Nc6 8. e5 Nd7 9. Re1 Qc7 10.
Qe2 b6 11. Nf1 Bb7 12. h4 Rac8 13. Bf4 Nd4 14. Nxd4 cxd4 15. Rac1 Kh8 16. Nh2 b5 17.
Nf3 Bc5 18. Ng5 Be7 19. Qh5 Bxg5 20. hxg5 Qd8 21. Bf3 Qe8 22. Kg2 f6 23. exf6 Qxh5 24. fxg7+ Kxg7 25. Bxh5 Rc6 26. Re2 Bc8 27. Rce1 Nb6 28.
Be5+ Kg8 29. Bxd4 Rf5 30. f4 Bd7 31. Bg4 Rf7 32. Bxe6 Bxe6 33. Rxe6 Rxc2+ 34. Kh3 Nd7 35. Re8+ Nf8 36. Kg4 Rd2 37. R1e3 a5 38. Ra8 a4 39. a3 Rh2 40. Ree8 h5+ 41. Kf3 h4 42. Bc5 Rh3 43. Rxf8+ Rxf8 44. Rxf8+ Kg7 45. f5 Rxg3+ 46. Kf4 Rxd3 47.
g6 h3 48. Rf7+ Kg8 49. Rh7 Rd2 50. Bd6 h2 51. Be5 Kf8 52. f6 Ke8 53. f7+ Ke7 54. Bd6+ Kxd6 55. f8=Q+ Kc6 56. Qc8+ Kd6 57. Qc7+ Ke6 58.
Qe5# 1-0